 Dungeon Crawl Stone Soup version 0.25.1-9-gc5326a611f (webtiles) character file.

Game seed: 7259890411055392495

730 sahdkjhfkaj the Archer (level 7, 0/63 HPs)
             Began as a Centaur Hunter on Feb 1, 2021.
             Killed by divine providence
             ... invoked by an orc priest
              (15 damage)
             ... on level 4 of the Dungeon.
             The game lasted 00:04:50 (5361 turns).

sahdkjhfkaj the Archer (Centaur Hunter)             Turns: 5361, Time: 00:04:51

Health: 0/63       AC:  9    Str: 17      XL:     7   Next: 44%
Magic:  7/7        EV:  2    Int:  8 (10) God:
Gold:   234        SH:  0    Dex:  6 (9)  Spells: 6/6 levels left

rFire    . . .     SeeInvis .   a - +1 shortbow
rCold    . . .     Gourm    .   (shield currently unavailable)
rNeg     . . .     Faith    .   o - +0 plate armour
rPois    .         Spirit   .   (no helmet)
rElec    .         Reflect  .   (no cloak)
rCorr    .         Harm     .   s - +0 pair of gloves
MR       .....                  (no barding)
Stlth    ..........             (no amulet)
HPRegen  0.20/turn              (no ring)
MPRegen  0.10/turn              (no ring)

@: very quick
A: large, hooves 3, deformed body, speed 2, tough skin 3
a: no special abilities


You were on level 4 of the Dungeon.
You were not hungry.

You visited 1 branch of the dungeon, and saw 4 of its levels.

You collected 234 gold pieces.

Inventory:

Hand Weapons
 a - a +1 shortbow (weapon)
 b - a +2 short sword of venom
   (You found it on level 1 of the Dungeon)
Missiles
 d - 96 arrows (quivered)
 w - a throwing net {!f}
Armour
 o - a +0 plate armour (worn)
   (You found it on level 2 of the Dungeon)
 s - a +0 pair of gloves (worn)
   (You found it on level 4 of the Dungeon)
Jewellery
 l - a cursed ring of teleportation {unknown}
   (You found it on level 1 of the Dungeon)
 x - an uncursed ring of magical power {unknown}
   (You found it on level 3 of the Dungeon)
Wands
 u - a wand of paralysis (13)
   (You found it on level 3 of the Dungeon)
Scrolls
 c - 3 scrolls of teleportation {@r4}
 j - a scroll of magic mapping {unknown}
 k - a scroll of noise {unknown}
 m - a scroll of random uselessness {unknown}
 n - a scroll of enchant weapon {unknown}
 p - a scroll of immolation {unknown}
 q - 4 scrolls of fog
 r - 3 scrolls of remove curse {@r2}
 v - 3 scrolls of blinking
 y - a scroll of amnesia {unknown}
 z - a scroll of enchant armour {unknown}
Potions
 e - a potion of lignification {unknown}
 g - 2 potions of might {unknown}
 h - 6 potions of heal wounds {@q2}
 i - a potion of curing {@q1}
 t - a potion of brilliance {unknown}
Comestibles
 f - 8 rations {!d}
 A - a chunk of flesh


   Skills:
 - Level 6.0 Fighting
 - Level 2.0 Short Blades
 + Level 8.9 Bows
 - Level 1.3 Dodging
 - Level 0.4 Stealth


You had 6 spell levels left.
You didn't know any spells.
Your spell library contained the following spells:

 Spells                   Type           Power        Failure   Level  Hunger
 Beastly Appendage        Tmut           #.....       100%        1    ##.....
 Sticks to Snakes         Tmut           #.......     100%        2    ###....
 Spider Form              Tmut/Pois      #.........   100%        3    ####...
 Ice Form                 Ice/Tmut       #.......     100%        4    #####..
 Blade Hands              Tmut           #.........   100%        5    ######.


Dungeon Overview and Level Annotations

Branches:
Dungeon (4/15)
 Temple: D:4-7

Altars:
Kikubaaqudgha
Nemelex Xobeh
Okawaru
Sif Muna
Beogh


Innate Abilities, Weirdness & Mutations

You have hooves in place of feet.
Armour fits poorly on your strangely shaped body.
You cover ground very quickly.
You have extremely tough skin. (AC +3)


Message History

The orc wizard hits you but does no damage.
Unknown command.
Unknown command.
You hit the orc wizard.
You kill the orc wizard!
Unknown command.
You hit the water moccasin skeleton. You kick the water moccasin skeleton.
The water moccasin skeleton bites you but does no damage.
Unknown command.
You barely miss the orc. Your kick misses the orc.
Unknown command.
You hit the orc. You kick the orc.
You kill the orc!
Unknown command.
You completely miss the water moccasin skeleton.
The water moccasin skeleton bites you but does no damage.
Unknown command.
You hit the water moccasin skeleton.
You destroy the water moccasin skeleton!
You feel your strength returning.
The orc priest invokes the aid of Beogh against you.
Pain shoots through your body!
* * * LOW HITPOINT WARNING * * *
The orc priest hits you but does no damage.
Items here: )) [[ a +0 short sword; a cursed +0 leather armour; a +0 dagger a +2 robe of resistance Unknown command.
Unknown command.
You hit the orc priest.
The orc priest is poisoned.
Your kick misses the orc priest.
The orc priest looks braver for a moment.
Unknown command.
Unknown command.
You hit the orc priest.
The orc priest looks as sick as possible!
You kick the orc priest, but do no damage.
The orc priest hits you but does no damage.
Unknown command.
You hit the orc priest but do no damage.
You kick the orc priest.
Unknown command.
You barely miss the orc priest.
The orc priest hits you with a +0 hand axe.
* * * LOW HITPOINT WARNING * * *
Your +2 short sword of venom stops dripping with poison.
a - a +1 shortbow (weapon)
The orc priest invokes the aid of Beogh against you.
Beogh smites you!
You die...

######### ........# #######
....$...# #.....# ........#
#.....########
........####..).........#
.......o@..'.............
########+#######.........÷...
#...# #.........÷..) #...#
######.....######.. #...#
#.......#....# #.. #####...#
#.......#....# #.. ........#
#.......#....# ##.. ........#
#.......#....###... .......##
+.......+..........


You could see an orc priest (extremely poisoned).

Vanquished Creatures
  A sky beast (D:3)
  A scorpion (D:4)
  A water moccasin skeleton (D:4)
  An orc priest (D:3)
  A centaur skeleton (D:4)
  A jelly (D:3)
  2 hounds (D:4)
  3 worker ants (D:4)
  Terence (D:2)
  An iguana (D:4)
  2 orc wizards
  4 gnolls
  7 adders
  2 oozes
  3 worms
  A dart slug (D:4)
  4 leopard geckos
  5 orcs
  4 bats
  3 bat skeletons (D:2)
  2 bat zombies (D:2)
  11 giant cockroaches
  8 goblins
  6 hobgoblins
  12 jackals
  4 ball pythons
  3 frilled lizards
  6 kobolds
  5 rats
105 creatures vanquished.

Notes
Turn   | Place    | Note
-------+----------+-------------------------------------------
     0 | D:1      | sahdkjhfkaj the Centaur Hunter began the quest for the Orb.
     0 | D:1      | Reached XP level 1. HP: 17/17 MP: 1/1
   247 | D:1      | Reached skill level 1 in Short Blades
   400 | D:1      | Reached XP level 2. HP: 24/24 MP: 2/2
   498 | D:1      | You fall into a shaft and drop 1 floor!
   830 | D:1      | Reached XP level 3. HP: 30/30 MP: 3/3
  1527 | D:2      | Noticed Terence
  1538 | D:2      | Killed Terence
  1538 | D:2      | Reached XP level 4. HP: 37/40 MP: 4/4
  2222 | D:2      | Found an ancient bone altar of Kikubaaqudgha.
  2353 | D:3      | Noticed a sky beast
  2650 | D:3      | Reached XP level 5. HP: 41/47 MP: 5/5
  2832 | D:3      | Reached skill level 5 in Fighting
  3051 | D:3      | Found a roughly hewn altar of Beogh.
  3259 | D:3      | Found a shimmering blue altar of Sif Muna.
  3260 | D:3      | Found an iron altar of Okawaru.
  3402 | D:3      | Killed a sky beast
  3402 | D:3      | Reached XP level 6. HP: 32/57 MP: 6/6
  3665 | D:4      | Reached skill level 6 in Bows
  3964 | D:4      | Reached skill level 7 in Bows
  4198 | D:4      | Reached XP level 7. HP: 60/63 MP: 7/7
  4361 | D:4      | Reached skill level 8 in Bows
  4750 | D:4      | Found a sparkling altar of Nemelex Xobeh.
  5361 | D:4      | Killed from afar by an orc priest

Illustrated notes

Levels and vault maps discovered:
D:1:      erik_arrival_orb_chamber, layout_basic
D:2:      minmay_roachtagon, layout_loops_cross, kennysheep_vampire_church,
          uniq_terence
D:3:      wad_pebble_path, layout_basic, gammafunk_temple_overflow_statue,
          first_ration, kennysheep_orc_chapel
D:4:      layout_basic, nicolae_overflow_hidden_temple, minmay_pentomino_pile

Skill      XL: |  1  2  3  4  5  6  7 |
---------------+----------------------+-----
Short Blades   | 1 2 |  2.0
Fighting       | 3 4 6 |  6.0
Bows           | 7 8 |  8.9
Dodging        | |  1.3
Stealth        | |  0.4

Action                   |  1- 3 |  4- 6 |  7- 9 || total
-------------------------+-------+-------+-------++-------
Melee: Short sword       |    85 |   165 |    85 ||   335
       Kick              |    16 |    32 |    15 ||    63
 Fire: Shortbow          |       |     7 |       ||     7
  Use: Scroll            |       |     5 |       ||     5
       Potion            |       |     2 |       ||     2
  Eat: Chunk             |     1 |     7 |     4 ||    12
Armor: Leather armour    |    10 |       |       ||    10
       Plate armour      |    19 |   151 |    73 ||   243
Dodge: Dodged            |    31 |    22 |    12 ||    65
